 Dungeon Crawl Stone Soup version 0.29.1-15-g9cfb28693d (webtiles) character file.

Game seed: 8984676569428839437

26 Heoruswealwe the Digger (level 2, 15/15 HPs)
             Began as a Deep Elf Earth Elementalist on Mar 29, 2023.
             Was an Initiate of Ashenzari.
             Got out of the dungeon alive.
             The game lasted 00:08:38 (790 turns).

Heoruswealwe the Digger (DEEE)                       Turns: 790, Time: 00:08:38

Health: 15/15      AC:  2    Str:  5    XL:     2   Next: 89%
Magic:  8/8        EV: 12    Int: 19    God:    Ashenzari [......]
Gold:   12         SH:  0    Dex: 15    Spells: 5/8 levels left

rFire   . . .      SeeInvis .   (no weapon)
rCold   . . .      Faith    .   (no shield)
rNeg    . . .      Spirit   .   a - +0 robe
rPois   .          Reflect  .   (no helmet)
rElec   .          Harm     .   (no cloak)
rCorr   +          Rampage  .   (no gloves)
Will    .....                   (no boots)
Stlth   ++........              (no amulet)
HPRegen 0.05/turn               g - ring of the Eye in the Sky {rCorr, Elem, Range} (curse)
MPRegen 0.11/turn               (no ring)

@: hasted, very quick
A: no striking features
a: Renounce Religion, Shatter the Chains


You escaped.
You worshipped Ashenzari.
Ashenzari was noncommittal.
You visited 1 branch of the dungeon, and saw 1 of its levels.

You collected 12 gold pieces.

Inventory:

Armour
 a - a +0 robe (worn)
Jewellery
 g - the cursed ring of the Eye in the Sky (left hand) {rCorr, Elem, Range}
   (You found it on level 1 of the Dungeon)

   [ring of resist corrosion]

   rCorr:     It protects you from acid and corrosion.
   It has a curse which improves the following skills: Elements: Fire Magic, Ice
   Magic, Air Magic and Earth Magic.
   Ranged Combat: Ranged Weapons and Throwing.
Scrolls
 c - a scroll of immolation
 e - a scroll of teleportation
 h - a scroll of amnesia
Potions
 b - a potion of magic


   Skills:
 - Level 2.4 Dodging
 - Level 2.4 Stealth
 * Level 3.8 Spellcasting
 + Level 1.6 Transmutations
 * Level 3.8(4.2) Earth Magic


You had 5 spell levels left.
You knew the following spells:

 Your Spells              Type           Power      Damage    Failure   Level
a - Sandblast             Erth           38%        2d10      2%          1
z - Passwall              Tmut/Erth      11%        N/A       6%          2

Your spell library contained the following spells:

 Spells                   Type           Power      Damage    Failure   Level
 Stone Arrow              Conj/Erth      22%        3d8       17%         3
 Petrify                  Tmut/Erth      14%        N/A       38%         4


Dungeon Overview and Level Annotations

Branches:
Dungeon (1/15)

Altars:
Ashenzari


Message History

The blast of sand hits the giant cockroach.
You kill the giant cockroach!
You see here a giant cockroach corpse.
i - a scroll labelled WUR NERPHISUCW You see here a ball python corpse.
You see here a giant cockroach corpse.
You open the door.
You see here a ball python corpse.
A bat comes into view.
Found a smoky pink potion.
The bat hits you but does no damage.
The blast of sand hits the bat!
You kill the bat!
j - a smoky pink potion You open the door.
There is an open door here.
You open the door. You open the door.
Done exploring.
As you read the scroll labelled DEHACR YSTOAC, it crumbles to dust.
It is a scroll of identify.
c - a scroll of immolation
As you read the scroll of identify, it crumbles to dust.
e - a scroll of teleportation
As you read the scroll of identify, it crumbles to dust.
h - a scroll of amnesia
As you read the scroll labelled WUR NERPHISUCW, it crumbles to dust.
It is a scroll of brand weapon.
You aren't carrying any weapons that can be branded.
Okay, then.
It was a potion of heal wounds.
You feel much better.
It was a potion of haste.
You feel yourself speed up.
There is an open door here.
There is an open door here.
There is a large open door here.
There is an open gate here.
There is a staircase leading out of the dungeon here.
Are you sure you want to leave the Dungeon?
This will make you lose the game!
Alright, then stay!
Are you sure you want to leave the Dungeon?
This will make you lose the game!
You have escaped!

.............####.##### ♣♣####
.............'....#⌠⌠# ♣♣♣♣.♣ ♣♣♣
...#######...######..############
#'### #......# #..............
#...# #....### #..............
###.###.....# #..##......##..
#.........#♣♣####..##......##..
####........#♣.#..'..............
..........(.#♣.#@.'..............
............#♣.#..'..............
............#♣♣####..##......##..
.........##### #..##......##..
###..........# #..............
#..........# #..............
#..........# #'#############
#..........# #.# ♣♣♣♣♣♣ ♣♣♣
#..........######.# ######


There were no monsters in sight!

Vanquished Creatures
  A dart slug (D:1)
  2 ball pythons (D:1)
  2 bats (D:1)
  3 endoplasms (D:1)
  A giant cockroach (D:1)
  3 hobgoblins (D:1)
  A frilled lizard (D:1)
  2 goblins (D:1)
  5 kobolds (D:1)
  4 rats (D:1)
24 creatures vanquished.

Notes
Turn   | Place    | Note
-------+----------+-------------------------------------------
     0 | D:1      | Heoruswealwe the Deep Elf Earth Elementalist began the
                  | quest for the Orb.
     0 | D:1      | Reached XP level 1. HP: 10/10 MP: 6/6
   118 | D:1      | Reached XP level 2. HP: 13/15 MP: 1/8
   257 | D:1      | Learned a level 2 spell: Passwall
   593 | D:1      | Found a faded altar of an unknown god.
   615 | D:1      | Prayed at the altar of an unknown god.
   615 | D:1      | Became a worshipper of Ashenzari the Shackled
   790 | D:$      | Got out of the dungeon alive.

Illustrated notes

Levels and vault maps discovered:
D:1:      beargit_arrival_diablo_church, layout_basic,
          shapermc_ecumenical_altar_mp_highgroup,
          nicolae_kite_square_tiling_tiny

Action                   || total
-------------------------++-------
 Cast: Sandblast         ||    31
       Passwall          ||     1
Invok: Curse Item        ||     1
  Use: Scroll            ||     4
       Potion            ||     2
Armor: Robe              ||     4
Dodge: Dodged            ||     9
